Map: Ulrena

Players

Elazer - Winner!

  • Race: Zerg Zerg
  • League: Grandmaster

PtitDrogo

  • Race: Protoss Protoss
  • League: Master

Event: Homestory Cup XII

VOD

Have the link to the VOD?

Description

Time

  • Played on: Dec. 20, 2015, 8:52 a.m.
  • Length: 8:25

All games in this series

Show
View Real Time Build Order
Export as new Build Order

Elazer Zerg - Winner!

Build Orders: Hatch First 

Get SALT Encoding   

  12  0:00  Drone  
  13  0:13  Overlord  
  13  0:17  Drone  
  14  0:31  Drone x2  
  14  0:35  Drone  
  17  0:53  Hatchery  
  17  0:55  Drone  
  17  0:58  Drone  
  18  1:08  Extractor  
  17  1:13  Spawning Pool  
  17  1:17  Drone  
  17  1:21  Drone  
  18  1:28  Drone  
  19  1:39  Drone  
  20  1:51  Overlord  
  20  2:00  Queen  
  22  2:04  Queen  
  22  2:05  Zergling x2  
  22  2:06  Drone  
  26  2:11  Drone  
  26  2:13  Metabolic Boost  
  27  2:17  Drone  
  27  2:22  Roach Warren  
  27  2:26  Drone  
  27  2:28  Drone  
  29  2:33  Drone  
  30  2:38  Drone  
  31  2:44  Overlord  
  31  2:59  Overlord  
  31  3:02  Zergling x4  
  33  3:08  Roach x4  
  33  3:12  Roach  
  43  3:17  Roach  
  43  3:18  Roach  
  47  3:23  Roach  
  47  3:24  Overlord  
  49  3:34  Zergling x4  
  49  3:39  Zergling x2  
  52  3:44  Zergling x12  
  52  3:47  Zergling x2  
  59  3:51  Ravager  
  58  4:04  Overlord  
  51  4:17  Zergling x14  
  51  4:19  Ravager  
  51  4:23  Zergling x4  
  55  4:35  Queen x2  
  53  4:40  Drone  
  53  4:41  Drone  
  53  4:45  Drone x2  
  57  5:00  Overlord  
  57  5:01  Overlord  
  56  5:11  Queen  
  56  5:13  Hatchery, Queen  
  59  5:19  Drone x4  
  63  5:23  Drone  
  63  5:24  Drone  
  63  5:27  Drone  
  66  5:32  Ravager x2  
  66  5:33  Overlord  
  66  5:35  Drone x2  
  70  5:43  Drone  
  70  5:44  Drone  
  70  5:45  Spore Crawler  
  71  5:50  Overlord  
  71  5:51  Lair  
  71  5:54  Extractor  
  71  5:55  Extractor  
  69  6:04  Roach  
  69  6:12  Roach  
  69  6:13  Overlord x2  
  70  6:21  Overlord, Roach  
  70  6:36  Roach x4  
  70  6:37  Queen x2  
  82  6:41  Roach x2  
  81  6:52  Roach x2  
  82  7:05  Roach x3  
  87  7:10  Roach  
  89  7:17  Zergling x2  
  89  7:18  Zergling x6  
  93  7:28  Ravager  
  94  7:31  Zergling x8  
  94  7:32  Zergling x4  
  98  7:39  Ravager  
  97  7:49  Zergling x16  
  97  7:50  Ravager  
  99  8:02  Zergling x6  
Show
View Real Time Build Order
Export as new Build Order

PtitDrogo Protoss 

Build Orders: Nexus First 

Get SALT Encoding   

  12  0:01  Probe (Chrono Boost)  
  13  0:11  Probe (Chrono Boost)  
  14  0:17  Pylon  
  14  0:22  Probe (Chrono Boost)  
  16  0:36  Probe (Chrono Boost)  
  16  0:46  Probe (Chrono Boost)  
  17  0:58  Nexus  
  17  1:02  Probe (Chrono Boost)  
  18  1:12  Gateway  
  18  1:15  Probe (Chrono Boost)  
  19  1:19  Assimilator  
  19  1:25  Probe (Chrono Boost)  
  20  1:28  Assimilator  
  20  1:36  Probe (Chrono Boost)  
  21  1:40  Gateway  
  21  1:46  Probe (Chrono Boost)  
  22  1:57  Probe (Chrono Boost)  
  22  1:58  Cybernetics Core  
  23  2:10  Probe (Chrono Boost)  
  23  2:11  Probe (Chrono Boost)  
  25  2:21  Probe (Chrono Boost)  
  25  2:22  Probe (Chrono Boost)  
  27  2:30  Warp Gate (Chrono Boost)  
  27  2:31  Probe (Chrono Boost)  
  27  2:32  Probe (Chrono Boost)  
  27  2:35  Adept x2 (Chrono Boost)  
  33  2:42  Probe  
  33  2:44  Probe  
  35  2:46  Stargate  
  35  2:52  Pylon  
  35  2:55  Probe (Chrono Boost)  
  38  2:58  Mothership Core (Chrono Boost)  
  38  3:12  Probe (Chrono Boost)  
  39  3:13  Adept x2  
  39  3:17  Probe (Chrono Boost)  
  44  3:24  Probe (Chrono Boost)  
  45  3:28  Pylon  
  45  3:31  Gateway  
  45  3:42  Pylon, Void Ray (Chrono Boost)  
  45  3:43  Pylon  
  49  3:51  Stalker x2  
  53  4:04  Pylon  
  47  4:30  Stalker x2  
  51  4:41  Pylon  
  51  4:46  Pylon  
  51  4:47  Pylon  
  51  4:50  Pylon x2  
  51  4:59  Probe x2 (Chrono Boost)  
  53  5:03  Void Ray (Chrono Boost)  
  53  5:05  Adept x3  
  63  5:10  Probe (Chrono Boost)  
  63  5:11  Probe (Chrono Boost)  
  65  5:19  Probe  
  66  5:21  Probe  
  66  5:22  Pylon  
  66  5:26  Adept  
  66  5:27  Adept x2  
  73  5:30  Probe  
  73  5:31  Pylon  
  73  5:33  Probe  
  75  5:38  Assimilator  
  75  5:40  Assimilator  
  75  5:41  Probe (Chrono Boost)  
  76  5:45  Probe (Chrono Boost)  
  76  5:48  Adept x2  
  81  5:51  Adept  
  81  5:53  Probe (Chrono Boost)  
  81  5:56  Probe (Chrono Boost)  
  85  5:59  Pylon  
  85  6:03  Probe (Chrono Boost)  
  86  6:07  Probe (Chrono Boost)  
  87  6:14  Probe (Chrono Boost), Robotics Facility  
  87  6:17  Probe (Chrono Boost)  
  89  6:24  Probe (Chrono Boost)  
  88  6:28  Probe (Chrono Boost)  
  87  6:35  Probe (Chrono Boost)  
  87  6:38  Probe (Chrono Boost)  
  83  6:45  Probe (Chrono Boost)  
  82  6:49  Probe (Chrono Boost)  
  77  6:56  Probe (Chrono Boost)  
  77  6:59  Probe (Chrono Boost)  
  79  7:06  Robotics Bay, Probe, Observer (Chrono Boost), Pylon  
  79  7:07  Robotics Facility  
  79  7:09  Nexus  
  79  7:11  Sentry x3  
  79  7:14  Pylon  
  85  7:25  Gateway  
  85  7:28  Gateway  
  82  7:32  Pylon  
  82  7:34  Immortal (Chrono Boost)  
  80  7:48  Stalker x3  
  80  7:51  Pylon  
  80  7:54  Pylon  
  72  8:12  Zealot  
  72  8:13  Zealot x2  
Tags
 
Add a new tag
Caveats
  • Supply blocks, unpowered buildings, or Contaminate may cause inaccurate times.
  • Supply counts are checked every 10 seconds.